AoeStats
← santrex.be

Arabia

509726742Analyzed
1v1 RM · 4d ago on Sep 27, 2026· 60m 53s· 2 players
Game mode
Random Map
Map size
Tiny (2 player)
Population
200
Speed
Normal
Resources
Standard
Victory
Conquest
Starting age
Dark Age
Ending age
Imperial Age
RankedLock teamsTeams togetherTeam positionsShared explorationLock speedFull tech treeHidden civsTurbo modeCheats
Victory
Defeat
🇧🇪 Ethiopians · Belgium
926
+15
🇪🇸 Tatars · Spain
910
-15
Alfuum
12:38 Feudal Age
17:15 Castle Age
19:04 Loom
19:48 Fletching
22:37 Wheelbarrow
22:53 Double-Bit Axe
24:26 Bow Saw
26:35 Hand Cart
29:54 Horse Collar
33:07 Imperial Age
32:03 Scale Mail Armor
32:14 Forging
31:28 Pikeman
32:41 Squires
35:23 Chemistry
36:18 Conscription
37:53 Town Watch
43:55 Scale Barding Armor
43:52 Padded Archer Armor
48:33 Chain Barding Armor
49:07 Light Cavalry
51:30 Hussar
52:47 Bloodlines
52:38 Husbandry
53:26 Plate Barding Armor
53:27 Iron Casting
santrex.be
2:15 Loom
11:58 Feudal Age
14:47 Scale Mail Armor
15:16 Double-Bit Axe
16:37 Forging
21:58 Fletching
22:09 Padded Archer Armor
25:58 Castle Age
29:18 Elite Skirmisher
30:48 Bow Saw
30:37 Horse Collar
32:19 Wheelbarrow
34:02 Squires
35:35 Leather Archer Armor
35:07 Crossbowman
36:29 Arson
36:46 Stone Mining
37:36 Thumb Ring
37:38 Gold Mining
39:22 Stone Shaft Mining
39:20 Fortified Wall
40:14 Bodkin Arrow
42:42 Heavy Plow
43:24 Hand Cart
47:56 Imperial Age
46:05 Ballistics
48:21 Iron Casting
48:40 Elite Shotel Warrior
54:02 Two-Man Saw
53:18 Masonry
54:55 Blast Furnace
54:10 Chain Mail Armor
54:34 Murder Holes
54:38 Halberdier
60:39 Plate Mail Armor
Connection lost

Rejoining the realm…

Still unreachable

The connection could not be restored.

Session expired

The server has moved on; the page needs a fresh start.